AoeStats
← 1980195387

Arena

510296077Analyzed
2v2 RM · 1d ago on Sep 30, 2026· 60m 41s· 4 players
Game mode
Random Map
Map size
Medium (4 player)
Population
200
Speed
Normal
Resources
Standard
Victory
Conquest
Starting age
Dark Age
Ending age
Imperial Age
RankedLock teamsTeams togetherTeam positionsShared explorationLock speedFull tech treeHidden civsTurbo modeCheats
Victory
Defeat
🇨🇳 Khmer · China
453
+19
🇨🇳 Slavs · China
452
+19
🇪🇸 Mongols · Spain
554
-20
🇪🇸 Vikings · Spain
503
-18
1980195387
12:04 Feudal Age
15:17 Castle Age
14:06 Double-Bit Axe
14:06 Horse Collar
16:11 Wheelbarrow
16:41 Bow Saw
20:45 Heavy Plow
23:44 Hand Cart
23:52 Hand Cart
26:16 Gold Mining
26:32 Stone Mining
30:44 Imperial Age
28:39 Loom
28:49 Loom
31:11 Tusk Swords
31:22 Husbandry
31:33 Bloodlines
32:04 Stone Shaft Mining
32:05 Gold Shaft Mining
32:08 Crop Rotation
34:10 Double Crossbow
34:40 Scale Barding Armor
34:26 Fletching
34:47 Forging
34:22 Heavy Scorpion
35:47 Hoardings
35:51 Chain Barding Armor
35:07 Elite Battle Elephant
38:03 Chemistry
37:23 Ballistics
38:00 Masonry
39:41 Plate Barding Armor
39:02 Bodkin Arrow
39:43 Iron Casting
43:38 Bracer
44:39 Blast Furnace
55:46 Padded Archer Armor
56:20 Architecture
55:56 Siege Engineers
55:47 Murder Holes
HANA
12:04 Feudal Age
12:29 Horse Collar
12:48 Double-Bit Axe
13:52 Wheelbarrow
18:27 Castle Age
19:29 Bow Saw
19:21 Heavy Plow
24:02 Hand Cart
24:06 Forging
28:09 Stone Mining
28:10 Gold Mining
29:13 Ballistics
30:32 Masonry
32:59 Imperial Age
30:10 Pikeman
30:52 Squires
34:36 Imperial Age
31:56 Loom
31:58 Town Watch
34:10 Elite Skirmisher
34:41 Elite Boyar
35:32 Druzhina
37:15 Chemistry
35:52 Onager
37:37 Two-Man Saw
37:22 Scale Barding Armor
37:08 Fletching
37:55 Iron Casting
38:41 Detinets
38:02 Elite Boyar
40:42 Bodkin Arrow
41:47 Blast Furnace
41:08 Chain Barding Armor
40:49 Scale Mail Armor
40:51 Padded Archer Armor
40:42 Capped Ram
44:04 Siege Engineers
44:39 Hoardings
47:08 Bloodlines
47:00 Husbandry
47:08 Siege Onager
47:09 Siege Ram
55:54 Halberdier
mikoyan
1:11 Loom
14:22 Feudal Age
16:14 Wheelbarrow
15:32 Stone Mining
15:36 Gold Mining
15:30 Horse Collar
15:39 Double-Bit Axe
18:20 Padded Archer Armor
18:11 Fletching
21:58 Castle Age
23:34 Stone Shaft Mining
23:14 Bow Saw
25:04 Hand Cart
28:49 Bodkin Arrow
29:21 Town Watch
31:02 Gold Shaft Mining
30:33 Town Patrol
30:43 Caravan
31:41 Husbandry
34:02 Bloodlines
34:06 Thumb Ring
34:25 Leather Archer Armor
34:18 Scale Barding Armor
37:09 Imperial Age
35:58 Ballistics
36:51 Light Cavalry
38:16 Parthian Tactics
37:28 Elite Mangudai
38:47 Bracer
39:10 Heavy Plow
40:17 Conscription
40:07 Nomads
42:04 Chain Barding Armor
43:00 Chemistry
43:39 Hussar
46:35 Forging
48:47 Iron Casting
tintindeo22
0:50 Loom
12:31 Feudal Age
20:08 Gold Mining
20:23 Stone Mining
20:31 Double-Bit Axe
23:53 Castle Age
24:58 Horse Collar
30:14 Heavy Plow
30:51 Town Watch
32:14 Caravan
32:09 Fletching
32:21 Padded Archer Armor
35:16 Town Patrol
36:13 Gold Shaft Mining
36:51 Pikeman
42:02 Imperial Age
39:53 Squires
43:57 Conscription
43:01 Elite Berserk
45:27 Bodkin Arrow
48:37 Masonry
48:14 Arrowslits
48:11 Treadmill Crane
51:03 Ballistics
Connection lost

Rejoining the realm…

Still unreachable

The connection could not be restored.

Session expired

The server has moved on; the page needs a fresh start.